| TOP OF THE 1ST |
|
Minnesota Twins batting - Pitching for Milwaukee Brewers : RHP Kevin Gross
|
|
Pitching: RHP Kevin Gross
|
|
|
Batting: RHB Chet Lemon
|
0-0: Called Strike 0-1: Ball 1-1: Ball 2-1: Foul Ball, location: 2F 2-2: Strikes out swinging
|
|
Batting: LHB Lloyd Moseby
|
0-0: Fly out, F7 (Flyball, 78D, EV 97.5 MPH)
|
|
Batting: RHB George Foster
|
0-0: Ball 1-0: Ball 2-0: Ball 3-0: Base on Balls
|
|
Batting: RHB Brook Jacoby
|
0-0: Ball 1-0: Called Strike 1-1: DOUBLE (Line Drive, 78XD, EV 100.6 MPH) George Foster to third Runner from 3rd tries for Home, SAFE, throw by LF to home
|
|
Batting: RHB Aurelio Rodriguez
|
0-0: Ball 1-0: Ball 2-0: Ball 3-0: Base on Balls
|
|
Batting: LHB Kevin Christensen
|
0-0: Called Strike 0-1: Ball 1-1: Ball 2-1: SINGLE (Line Drive, 56, EV 95.0 MPH) Brook Jacoby to third Aurelio Rodriguez to second Runner from 3rd tries for Home, SAFE, throw by LF to home
|
|
Batting: RHB Matt Cooper
|
0-0: Ball 1-0: Ball 2-0: Swinging Strike 2-1: Ball 3-1: Fly out, F6 (Popup, 6, EV 64.4 MPH)
|
| Top of the 1st over - 2 runs, 2 hits, 0 errors, 2 left on base; Minnesota 2 - Milwaukee 0 |
| BOTTOM OF THE 1ST |
|
Milwaukee Brewers batting - Pitching for Minnesota Twins : LHP Mauricio Valdivia
|
|
Pitching: LHP Mauricio Valdivia
|
|
|
Batting: RHB Steve Sax
|
0-0: Ball 1-0: Ground out 6-3 (Groundball, 6, EV 105.0 MPH)
|
|
Batting: RHB Thurman Munson
|
0-0: Foul Ball, location: 2F 0-1: Called Strike 0-2: Ground out 6-3 (Groundball, 6M, EV 83.1 MPH)
|
|
Batting: RHB Eric Davis
|
0-0: Called Strike 0-1: Foul Ball, location: 2F 0-2: Ball 1-2: Fly out, F4 (Popup, 3S, EV 76.3 MPH)
|
| Bottom of the 1st over - 0 runs, 0 hits, 0 errors, 0 left on base; Minnesota 2 - Milwaukee 0 |
| TOP OF THE 2ND |
|
Minnesota Twins batting - Pitching for Milwaukee Brewers : RHP Kevin Gross
|
|
Batting: RHB Tack Wilson
|
0-0: Called Strike 0-1: Called Strike 0-2: Strikes out swinging, 2-3 out at first.
|
|
Batting: LHB Luis Alfaro
|
0-0: Called Strike 0-1: Ball 1-1: SINGLE (Line Drive, 3D, EV 101.3 MPH)
|
|
Batting: RHB Chet Lemon
|
0-0: Ball 1-0: Swinging Strike 1-1: Fly out, F7 (Flyball, 78S, EV 86.3 MPH)
|
|
Batting: LHB Lloyd Moseby
|
0-0: Ball 1-0: Called Strike 1-1: SINGLE (Line Drive, 78S, EV 108.1 MPH) Luis Alfaro to second
|
|
Batting: RHB George Foster
|
0-0: Ball 1-0: Swinging Strike 1-1: Called Strike 1-2: Foul Ball, location: 2F 1-2: Strikes out swinging
|
| Top of the 2nd over - 0 runs, 2 hits, 0 errors, 2 left on base; Minnesota 2 - Milwaukee 0 |
| BOTTOM OF THE 2ND |
|
Milwaukee Brewers batting - Pitching for Minnesota Twins : LHP Mauricio Valdivia
|
|
Batting: RHB Mike Schmidt
|
0-0: Called Strike 0-1: Foul Ball, location: 2F 0-2: Ball 1-2: Foul Ball, location: 2F 1-2: Ball 2-2: Ball 3-2: Fly out, F4 (Flyball, 34D, EV 90.6 MPH)
|
|
Batting: SHB Eddie Murray
|
0-0: Ball 1-0: Swinging Strike 1-1: Ball 2-1: Ground out 6-3 (Groundball, 6, EV 90.6 MPH)
|
|
Batting: LHB Von Hayes
|
0-0: Ball 1-0: Ball 2-0: Ball 3-0: Called Strike 3-1: Ground out 3-1 (Groundball, 34, EV 83.8 MPH)
|
| Bottom of the 2nd over - 0 runs, 0 hits, 0 errors, 0 left on base; Minnesota 2 - Milwaukee 0 |
| TOP OF THE 3RD |
|
Minnesota Twins batting - Pitching for Milwaukee Brewers : RHP Kevin Gross
|
|
Batting: RHB Brook Jacoby
|
0-0: Ball 1-0: Ball 2-0: Called Strike 2-1: Ball 3-1: Foul Ball, location: 2F 3-2: Ground out 5-3 (Groundball, 5L, EV 82.5 MPH)
|
|
Batting: RHB Aurelio Rodriguez
|
0-0: Ball 1-0: Foul Ball, location: 2F 1-1: Ball 2-1: Fly out, F8 (Flyball, 8LS, EV 89.4 MPH)
|
|
Batting: LHB Kevin Christensen
|
0-0: Foul Ball, location: 2F 0-1: Ball 1-1: Ball 2-1: Fly out, F6 (Flyball, 6D, EV 86.3 MPH)
|
| Top of the 3rd over - 0 runs, 0 hits, 0 errors, 0 left on base; Minnesota 2 - Milwaukee 0 |
| BOTTOM OF THE 3RD |
|
Milwaukee Brewers batting - Pitching for Minnesota Twins : LHP Mauricio Valdivia
|
|
Batting: RHB Glenn Davis
|
0-0: Ground out 6-3 (Groundball, 6, EV 77.5 MPH)
|
|
Batting: LHB Harold Baines
|
0-0: Ball 1-0: Ball 2-0: Ball 3-0: Foul Ball, location: 2F 3-1: Ground out 2-3 (Groundball, 2L, EV 70.6 MPH)
|
|
Batting: RHB Pat Tabler
|
0-0: Ball 1-0: Ball 2-0: Bunted foul 2-1: SINGLE (Groundball, 4D, EV 108.1 MPH)
|
|
Batting: RHB Steve Sax
|
0-0: Called Strike 0-1: Ball 1-1: Ball 2-1: Fielders Choice at 2nd, 5-4 (Groundball, 56, EV 91.3 MPH)
|
| Bottom of the 3rd over - 0 runs, 1 hit, 0 errors, 1 left on base; Minnesota 2 - Milwaukee 0 |
| TOP OF THE 4TH |
|
Minnesota Twins batting - Pitching for Milwaukee Brewers : RHP Kevin Gross
|
|
Batting: RHB Matt Cooper
|
0-0: Ball 1-0: Called Strike 1-1: Foul Ball, location: 2F 1-2: SOLO HOME RUN (Line Drive, 78XD, EV 105.0 MPH), Distance : 450 ft
|
|
Batting: RHB Tack Wilson
|
0-0: Ball 1-0: Swinging Strike 1-1: Ball 2-1: Foul Ball, location: 2F 2-2: DOUBLE (Line Drive, 9LS, EV 111.3 MPH)
|
|
Batting: LHB Luis Alfaro
|
0-0: Ball 1-0: Ground out 4-3 (Groundball, 4MD, EV 103.8 MPH) Tack Wilson to third
|
|
Batting: RHB Chet Lemon
|
0-0: Ball 1-0: Called Strike 1-1: Ground out 6-3 (Groundball, 6M, EV 91.3 MPH) Tack Wilson scores
|
|
Batting: LHB Lloyd Moseby
|
0-0: Ball 1-0: Ball 2-0: Called Strike 2-1: Foul Ball, location: 2F 2-2: Foul Ball, location: 2F 2-2: Foul Ball, location: 2F 2-2: Ball 3-2: Base on Balls
|
|
Batting: RHB George Foster
|
0-0: Ball Lloyd Moseby is caught stealing 2nd base 2-4
|
| Top of the 4th over - 2 runs, 2 hits, 0 errors, 0 left on base; Minnesota 4 - Milwaukee 0 |
| BOTTOM OF THE 4TH |
|
Milwaukee Brewers batting - Pitching for Minnesota Twins : LHP Mauricio Valdivia
|
|
Batting: RHB Thurman Munson
|
0-0: Foul Ball, location: 2F 0-1: Ball 1-1: SINGLE (Line Drive, 4MD, EV 96.9 MPH)
|
|
Batting: RHB Eric Davis
|
0-0: Foul Ball, location: 2F 0-1: Ball 1-1: Reached on error, E6 (Flyball, 56D, EV 85.6 MPH) Thurman Munson to second
|
|
Batting: RHB Mike Schmidt
|
0-0: Fielders Choice at 2nd, 3-6 (Groundball, 3, EV 86.3 MPH) Thurman Munson to third
|
|
Batting: SHB Eddie Murray
|
0-0: SINGLE (Flyball, 4MD, EV 83.8 MPH) Thurman Munson scores Mike Schmidt to second
|
|
Batting: LHB Von Hayes
|
0-0: Called Strike 0-1: Ball 1-1: Ball 2-1: Foul Ball, location: 2F 2-2: Foul Ball, location: 2F 2-2: Strikes out swinging
|
|
Batting: RHB Glenn Davis
|
0-0: Foul Ball, location: 2F 0-1: Ball 1-1: Ball 2-1: Ground out 1-3 (Groundball, 15S, EV 69.4 MPH)
|
| Bottom of the 4th over - 1 run, 2 hits, 1 error, 2 left on base; Minnesota 4 - Milwaukee 1 |
| TOP OF THE 5TH |
|
Minnesota Twins batting - Pitching for Milwaukee Brewers : RHP Kevin Gross
|
|
Pitching: RHP Ron Oglesby
|
|
|
Batting: RHB George Foster
|
0-0: Foul Ball, location: 2F 0-1: Called Strike 0-2: Ball 1-2: Foul Ball, location: 2F 1-2: Ball 2-2: Ball 3-2: Strikes out swinging
|
|
Batting: RHB Brook Jacoby
|
0-0: Ball 1-0: Foul Ball, location: 2F 1-1: Foul Ball, location: 2F 1-2: Strikes out looking
|
|
Batting: RHB Aurelio Rodriguez
|
0-0: Called Strike 0-1: Foul Ball, location: 2F 0-2: Ball 1-2: Foul Ball, location: 2F 1-2: Ball 2-2: Strikes out swinging
|
| Top of the 5th over - 0 runs, 0 hits, 0 errors, 0 left on base; Minnesota 4 - Milwaukee 1 |
| BOTTOM OF THE 5TH |
|
Milwaukee Brewers batting - Pitching for Minnesota Twins : LHP Mauricio Valdivia
|
|
Pitching: RHP Scott Brown
|
|
|
Batting: LHB Harold Baines
|
0-0: Swinging Strike 0-1: Foul Ball, location: 2F 0-2: Ball 1-2: Ball 2-2: Foul Ball, location: 2F 2-2: Foul Ball, location: 2F 2-2: Foul Ball, location: 2F 2-2: SINGLE (Groundball, 4D, EV 104.4 MPH)
|
|
Batting: RHB Pat Tabler
|
0-0: Called Strike 0-1: Foul Ball, location: 2F 0-2: Ball 1-2: Ball 2-2: Foul Ball, location: 2F 2-2: Strikes out swinging
|
|
Batting: RHB Steve Sax
|
0-0: Ground out 6-3 (Groundball, 6, EV 88.8 MPH) Harold Baines to second
|
|
Batting: RHB Thurman Munson
|
0-0: Ball 1-0: Called Strike 1-1: Ball 2-1: Swinging Strike 2-2: Strikes out looking
|
| Bottom of the 5th over - 0 runs, 1 hit, 0 errors, 1 left on base; Minnesota 4 - Milwaukee 1 |
| TOP OF THE 6TH |
|
Minnesota Twins batting - Pitching for Milwaukee Brewers : RHP Ron Oglesby
|
|
Batting: LHB Kevin Christensen
|
0-0: Ball 1-0: Called Strike 1-1: Called Strike 1-2: Ball 2-2: Ball 3-2: Base on Balls
|
|
Batting: RHB Matt Cooper
|
0-0: Bunt missed! 0-1: Sac Bunt to 3S - play at first, batter OUT! 3-1 Kevin Christensen to second
|
|
Batting: RHB Tack Wilson
|
0-0: Called Strike 0-1: Swinging Strike 0-2: Ball 1-2: Ground out 6-3 (Groundball, 56, EV 100.6 MPH)
|
|
Batting: LHB Luis Alfaro
|
0-0: Foul Ball, location: 2F 0-1: Fly out, F9 (Flyball, 9LM, EV 87.5 MPH)
|
| Top of the 6th over - 0 runs, 0 hits, 0 errors, 1 left on base; Minnesota 4 - Milwaukee 1 |
| BOTTOM OF THE 6TH |
|
Milwaukee Brewers batting - Pitching for Minnesota Twins : RHP Scott Brown
|
|
Batting: RHB Eric Davis
|
0-0: Foul Ball, location: 2F 0-1: Foul Ball, location: 2F 0-2: Foul Ball, location: 2F 0-2: Ball 1-2: Ball 2-2: Fly out, F8 (Flyball, 8RD, EV 76.9 MPH)
|
|
Batting: RHB Mike Schmidt
|
0-0: Ball 1-0: Ball 2-0: Called Strike 2-1: Ball 3-1: Base on Balls
|
|
Batting: SHB Eddie Murray
|
0-0: Called Strike 0-1: Ball 1-1: Foul Ball, location: 2F 1-2: Foul Ball, location: 2F 1-2: Fielders Choice at 2nd, 6-4 (Groundball, 56, EV 100.6 MPH)
|
|
Pitching: LHP Tom Hall
|
|
|
Batting: LHB Von Hayes
|
0-0: Ball 1-0: Called Strike 1-1: Foul Ball, location: 2F 1-2: Fly out, F7 (Flyball, 78S, EV 85.6 MPH)
|
| Bottom of the 6th over - 0 runs, 0 hits, 0 errors, 1 left on base; Minnesota 4 - Milwaukee 1 |
| TOP OF THE 7TH |
|
Minnesota Twins batting - Pitching for Milwaukee Brewers : RHP Ron Oglesby
|
|
Pinch Hitting: RHB Larry Hisle
|
0-0: Ball 1-0: Ball 2-0: DOUBLE (Flyball, 89XD, EV 98.1 MPH)
|
|
Pinch Hitting: LHB Eloy Escobedo
|
0-0: Called Strike 0-1: Bunt missed! 0-2: DOUBLE (Line Drive, 8LXD, EV 105.0 MPH) Larry Hisle scores
|
|
Pinch Hitting: RHB Ron Kittle
|
0-0: Called Strike 0-1: Called Strike 0-2: Foul Ball, location: 2F 0-2: Ball 1-2: Foul Ball, location: 2F 1-2: 2-RUN HOME RUN (Flyball, 9D, EV 109.4 MPH), Distance : 402 ft
|
|
Pinch Hitting: LHB Ken Oberkfell
|
0-0: Called Strike 0-1: Ground out 6-3 (Groundball, 6, EV 105.0 MPH)
|
|
Pinch Hitting: RHB Josh Lynn
|
0-0: SINGLE (Groundball, P, EV 80.6 MPH) (infield hit)
|
|
Batting: SHB Jerry Mumphrey
|
0-0: Called Strike 0-1: Ball Josh Lynn steals 2nd base 1-1: Called Strike 1-2: Ball 2-2: Ground out 5-3 (Groundball, 56S, EV 78.8 MPH)
|
|
Batting: RHB Matt Cooper
|
0-0: Ground out 6-3 (Groundball, 6, EV 107.5 MPH)
|
| Top of the 7th over - 3 runs, 4 hits, 0 errors, 1 left on base; Minnesota 7 - Milwaukee 1 |
| BOTTOM OF THE 7TH |
|
Milwaukee Brewers batting - Pitching for Minnesota Twins : LHP Tom Hall
|
|
Now at 1B: Josh Lynn
|
|
|
Now at 3B: Ken Oberkfell
|
|
|
Now in LF: Ron Kittle
|
|
|
Now in CF: Larry Hisle
|
|
|
Now in RF: Eloy Escobedo
|
|
|
Batting: RHB Glenn Davis
|
0-0: DOUBLE (Groundball, 5L, EV 103.1 MPH)
|
|
Batting: LHB Harold Baines
|
0-0: SINGLE (Line Drive, 89S, EV 95.6 MPH) Glenn Davis to third Runner from 3rd tries for Home, SAFE, throw by RF to home Harold Baines to second
|
|
Batting: RHB Pat Tabler
|
0-0: Called Strike 0-1: Foul Ball, location: 2F 0-2: Strikes out looking
|
|
Pinch Hitting: RHB Brian J Giles
|
0-0: Swinging Strike 0-1: Ball 1-1: Fly out, F8 (Line Drive, 8RM, EV 87.5 MPH)
|
|
Batting: RHB Thurman Munson
|
0-0: Called Strike 0-1: Ball 1-1: Called Strike 1-2: Ball 2-2: Foul Ball, location: 2F 2-2: Strikes out swinging
|
| Bottom of the 7th over - 1 run, 2 hits, 0 errors, 1 left on base; Minnesota 7 - Milwaukee 2 |
| TOP OF THE 8TH |
|
Minnesota Twins batting - Pitching for Milwaukee Brewers : RHP Ron Oglesby
|
|
Now at 2B: Brian J Giles
|
|
|
Pinch Hitting: RHB Taylor Duncan
|
0-0: Ball 1-0: Fly out, F9 (Flyball, 9D, EV 90.6 MPH)
|
|
Pinch Hitting: RHB Ed Jurak
|
0-0: Called Strike 0-1: Foul Ball, location: 2F 0-2: Ball 1-2: Foul Ball, location: 2F 1-2: Ball 2-2: Ball 3-2: Ground out 5-3 (Groundball, 56S, EV 90.0 MPH)
|
|
Batting: RHB Larry Hisle
|
0-0: Called Strike 0-1: Ball 1-1: SINGLE (Line Drive, 7LS, EV 95.0 MPH)
|
|
Pitching: RHP Andy Messersmith
|
|
|
Batting: LHB Eloy Escobedo
|
0-0: Ball 1-0: Ball 2-0: Ball 3-0: Base on Balls Larry Hisle to second
|
|
Batting: RHB Ron Kittle
|
0-0: Called Strike 0-1: Ball 1-1: Ball 2-1: Called Strike 2-2: Foul Ball, location: 2F 2-2: Ball 3-2: Fly out, F9 (Flyball, 9S, EV 83.1 MPH)
|
| Top of the 8th over - 0 runs, 1 hit, 0 errors, 2 left on base; Minnesota 7 - Milwaukee 2 |
| BOTTOM OF THE 8TH |
|
Milwaukee Brewers batting - Pitching for Minnesota Twins : LHP Tom Hall
|
|
Now at 2B: Ed Jurak
|
|
|
Now at SS: Taylor Duncan
|
|
|
Pinch Hitting: RHB Ricky Jacquez
|
0-0: Ball 1-0: Ball 2-0: Called Strike 2-1: Fly out, F9 (Flyball, 9D, EV 100.0 MPH)
|
|
Pinch Hitting: SHB Wally Backman
|
0-0: Called Strike 0-1: Fly out, F9 (Flyball, 9S, EV 85.6 MPH)
|
|
Pinch Hitting: RHB Martinho Varandas
|
0-0: Called Strike 0-1: Fly out, F9 (Line Drive, 9, EV 85.0 MPH)
|
| Bottom of the 8th over - 0 runs, 0 hits, 0 errors, 0 left on base; Minnesota 7 - Milwaukee 2 |
| TOP OF THE 9TH |
|
Minnesota Twins batting - Pitching for Milwaukee Brewers : RHP Andy Messersmith
|
|
Now at 1B: Martinho Varandas
|
|
|
Now at SS: Wally Backman
|
|
|
Now in CF: Ricky Jacquez
|
|
|
Batting: LHB Ken Oberkfell
|
0-0: Ball 1-0: Ball 2-0: Foul Ball, location: 2F 2-1: Fly out, F8 (Flyball, 8LM, EV 96.3 MPH)
|
|
Batting: RHB Josh Lynn
|
0-0: Ground out 4-3 (Groundball, 4, EV 91.3 MPH)
|
|
Batting: SHB Jerry Mumphrey
|
0-0: Ball 1-0: Called Strike 1-1: Foul Ball, location: 2F 1-2: Foul Ball, location: 2F 1-2: Ball 2-2: Ball 3-2: Fly out, F8 (Flyball, 8RD, EV 80.6 MPH)
|
| Top of the 9th over - 0 runs, 0 hits, 0 errors, 0 left on base; Minnesota 7 - Milwaukee 2 |
| BOTTOM OF THE 9TH |
|
Milwaukee Brewers batting - Pitching for Minnesota Twins : LHP Tom Hall
|
|
Pinch Hitting: LHB Denny Walling
|
0-0: Ball 1-0: Called Strike 1-1: Ball 2-1: Foul Ball, location: 2F 2-2: Fly out, F8 (Flyball, 8RXD, EV 74.4 MPH)
|
|
Batting: RHB Ken Landreaux
|
0-0: Ball 1-0: Fly out, F4 (Popup, 4S, EV 85.6 MPH)
|
|
Pinch Hitting: LHB Andre David
|
0-0: Called Strike 0-1: Swinging Strike 0-2: Ball 1-2: Strikes out swinging
|
| Bottom of the 9th over - 0 runs, 0 hits, 0 errors, 0 left on base; Minnesota 7 - Milwaukee 2 |
|